 Dungeon Crawl Stone Soup version 0.25-a0-857-g60a0bcd8b5 (webtiles) character file.

Game seed: 1351102729766415333, levelgen mode: deterministic

325215 mortelune the Crack Shot (level 20, -2/191 HPs)
             Began as a Centaur Hunter on Apr 26, 2020.
             Was the Champion of Okawaru.
             Slain by a stone giant (25 damage)
             ... on level 3 of the Vaults.
             The game lasted 01:52:07 (62370 turns).

mortelune the Crack Shot (Centaur Hunter)          Turns: 62370, Time: 01:52:07

Health: -2/191     AC: 30    Str: 24    XL:     20   Next: 73%
Magic:  35/35      EV:  6    Int: 20    God:    Okawaru [******]
Gold:   2379       SH:  0    Dex: 10    Spells: 20/27 levels left

rFire    + + .     SeeInvis +   a - +8 longbow (freeze)
rCold    + . .     Gourm    .   (shield currently unavailable)
rNeg     + + .     Faith    .   A - +4 plate armour of Happiness {rElec rPois SInv}
rPois    +         Spirit   .   N - +1 helmet of Mosch {rC+ rN++ Int+4 Dex-2}
rElec    +         Reflect  .   o - scarf {repulsion}
rCorr    .         Harm     .   R - +2 pair of gloves of Cheibriados's Hatred {rF+ Int+4 Stlth+}
MR       ++...                  O - +1 centaur barding "Xiwour" {rF+ MP+9}
Stlth    ..........             s - amulet of Dim Light {*Drain Regen+ Str+2 Int+2}
HPRegen  0.81/turn              v - +5 ring of slaying
MPRegen  0.24/turn              h - ring of protection from magic

@: lightly drained, repel missiles, very quick
A: large, hooves 3, deformed body, speed 2, tough skin 3
}: 2/15 runes: decaying, gossamer
a: Heroism, Finesse, Renounce Religion


You were on level 3 of the Vaults.
You worshipped Okawaru.
Okawaru was exalted by your worship.
You were hungry.

You visited 7 branches of the dungeon, and saw 35 of its levels.
You also visited: Ossuary and Desolation.

You collected 4184 gold pieces.
You spent 1805 gold pieces at shops.

Inventory:

Hand Weapons
 a - a +8 longbow of freezing (weapon)
 b - the +2 lajatang of Starshine {elec, Str+4}
   (Okawaru gifted it to you on level 2 of the Lair of Beasts)

   Occasionally, upon striking a foe, it will discharge some electrical energy
   and cause terrible harm.
   It affects your strength (+4).
 S - a +2 longbow of flaming
Missiles
 d - 614 arrows (quivered)
Armour
 o - a scarf of repulsion (worn)
 A - the +4 plate armour of Happiness (worn) {rElec rPois SInv}
   (You acquired it on level 14 of the Dungeon)

   It insulates you from electricity.
   It protects you from poison.
   It lets you see invisible.
 B - the +1 chain mail of Devotion {rPois Str+7 Stlth+}
   (Okawaru gifted it to you on level 13 of the Dungeon)

   It affects your strength (+7).
   It protects you from poison.
   It makes you more stealthy.
 N - the +1 helmet of Mosch (worn) {rC+ rN++ Int+4 Dex-2}
   (You found it in the Desolation of Salt)

   It affects your intelligence (+4).
   It affects your dexterity (-2).
   It protects you from cold.
   It greatly protects you from negative energy.
 O - the +1 centaur barding "Xiwour" (worn) {rF+ MP+9}
   (Okawaru gifted it to you on level 2 of the Lair of Beasts)

   It protects you from fire.
   It affects your magic capacity (+9).
 R - the +2 pair of gloves of Cheibriados's Hatred (worn) {rF+ Int+4 Stlth+}
   (You found it on level 4 of the Lair of Beasts)

   It affects your intelligence (+4).
   It protects you from fire.
   It makes you more stealthy.
Jewellery
 h - a ring of protection from magic (right hand)
 j - an uncursed ring of positive energy
 n - the ring of Hezothru {rPois rCorr}
   (You found it in the Desolation of Salt)

   [ring of resist corrosion]

   It protects you from poison.
   It provides partial protection from all sources of acid and corrosion.
 s - the amulet of Dim Light (around neck) {*Drain Regen+ Str+2 Int+2}
   (You found it in the Desolation of Salt)

   [amulet of regeneration]

   It affects your strength (+2).
   It affects your intelligence (+2).
   It increases your rate of regeneration.
   It causes draining when unequipped.
 u - the ring of Paic {*Drain rC++ Str+3}
   (You found it in the Desolation of Salt)

   [ring of strength]

   It affects your strength (+3).
   It greatly protects you from cold.
   It causes draining when unequipped.
 v - a +5 ring of slaying (left hand)
 C - the ring of Moodiness {AC+4 Dex+5 SInv}
   (You found it in the Desolation of Salt)

   [ring of protection]

   It affects your AC (+4).
   It affects your dexterity (+5).
   It lets you see invisible.
 G - the cursed ring "Leuzan" {rC+++ Dex-3}
   (You took it off a servant of whispers in the Desolation of Salt)

   [ring of dexterity]

   It affects your dexterity (-3).
   It renders you almost immune to cold.
   It has a curse placed upon it.
Wands
 c - a wand of clouds (7)
 K - a wand of digging (4)
 Q - a wand of iceblast (45)
 T - a wand of acid (16)
Scrolls
 e - 2 scrolls of summoning
 l - 16 scrolls of remove curse
 r - 8 scrolls of immolation
 y - 5 scrolls of enchant armour
 z - a scroll of brand weapon
 E - a scroll of silence
 I - 3 scrolls of identify
 J - 4 scrolls of fog
 L - 10 scrolls of magic mapping
 P - a scroll of blinking
 V - a scroll of fear
 Y - 7 scrolls of teleportation
Potions
 g - 3 potions of magic
 i - 5 potions of mutation
 m - 14 potions of flight
 p - 5 potions of berserk rage
 q - 4 potions of invisibility
 t - a potion of cancellation
 x - 11 potions of curing
 D - 3 potions of might
 F - 9 potions of brilliance
 M - 3 potions of haste
 X - 3 potions of resistance
 Z - 3 potions of heal wounds
Miscellaneous
 k - a phial of floods
 U - a phantom mirror
Comestibles
 f - 60 rations


   Skills:
 + Level 19.2 Fighting
 - Level 14.0(13.9) Staves
 - Level 22.6 Bows
 - Level 11.6 Armour
 * Level 8.7 Dodging
 - Level 0.4 Stealth
 * Level 4.0 Spellcasting
 + Level 9.5(9.4) Translocations
 - Level 7.4 Invocations


You had 20 spell levels left.
You knew the following spells:

 Your Spells              Type           Power        Failure   Level  Hunger
a - Portal Projectile     Hex/Tloc       ###...       47%         3    ###....
b - Passage of Golubria   Tloc           N/A          26%         4    ####...

Your spell library contained the following spells:

 Spells                   Type           Power        Failure   Level  Hunger
 Apportation              Tloc           #####.       2%          1    None
 Lesser Beckoning         Tloc           #####.....   8%          3    ###....
 Teleport Other           Tloc           #####...     8%          3    ###....
 Shroud of Golubria       Chrm/Tloc      ###...       26%         2    #......
 Recall                   Summ/Tloc      N/A          47%         3    ###....
 Animate Skeleton         Necr           N/A          77%         1    None
 Corona                   Hex            #......      77%         1    None
 Foxfire                  Conj/Fire      #...         77%         1    None
 Freeze                   Ice            #...         77%         1    None
 Magic Dart               Conj           #...         77%         1    None
 Pain                     Necr           #...         77%         1    None
 Sandblast                Erth           #.....       77%         1    None
 Shock                    Conj/Air       #...         77%         1    None
 Summon Small Mammal      Summ           #...         77%         1    None
 Iskenderun's Mystic Bla  Conj/Tloc      ###.....     87%         4    ####...
 Searing Ray              Conj           #.....       88%         2    #......
 Slow                     Hex            #.......     88%         2    #......
 Sublimation of Blood     Necr           #.........   88%         2    #......
 Swiftness                Chrm/Air       #.......     88%         2    #......
 Conjure Flame            Conj/Fire      #.......     98%         3    ###....
 Dazzling Flash           Conj/Hex       #.....       98%         3    ###....
 Frozen Ramparts          Ice            #.....       98%         3    ###....
 Inner Flame              Hex/Fire       #.......     98%         3    ###....
 Ozocubu's Armour         Chrm/Ice       #.......     98%         3    ###....
 Spider Form              Tmut/Pois      #.........   98%         3    ###....
 Static Discharge         Conj/Air       #.......     98%         3    ###....
 Stone Arrow              Conj/Erth      #.....       98%         3    ###....
 Airstrike                Air            #.........   100%        4    ####...
 Cause Fear               Hex            #.........   100%        4    ####...
 Fulminant Prism          Conj/Hex       #.........   100%        4    ####...
 Hailstorm                Conj/Ice       #.......     100%        4    ####...
 Leda's Liquefaction      Hex/Erth       #.........   100%        4    ####...
 Sticky Flame             Conj/Fire      #.......     100%        4    ####...
 Summon Ice Beast         Ice/Summ       #.......     100%        4    ####...
 Agony                    Necr           #.......     100%        5    ######.
 Bolt of Magma            Conj/Fire/Erth #.........   100%        5    ######.
 Fireball                 Conj/Fire      #.........   100%        5    ######.
 Iskenderun's Battlesphe  Conj/Chrm      #.......     100%        5    ######.
 Lightning Bolt           Conj/Air       #.........   100%        5    ######.
 Silence                  Hex/Air        #.........   100%        5    ######.
 Death Channel            Necr           #.........   100%        6    #######
 Iron Shot                Conj/Erth      #.........   100%        6    #######
 Statue Form              Tmut/Erth      #........    100%        6    #######
 Orb of Destruction       Conj           #.........   100%        7    #######
 Ring of Flames           Chrm/Fire      #.........   100%        7    #######
 Spellforged Servitor     Conj/Summ      #.........   100%        7    #######
 Chain Lightning          Conj/Air       #.........   100%        8    #######
 Lehudib's Crystal Spear  Conj/Erth      #.........   100%        8    #######
 Absolute Zero            Ice            #.........   100%        9    #######
 Fire Storm               Conj/Fire      #.........   100%        9    #######


Dungeon Overview and Level Annotations

Branches:
Dungeon (15/15)            Temple (1/1) D:4            Lair (6/6) D:11
  Swamp (4/4) Lair:2       Spider (4/4) Lair:4        Slime (0/5) Lair:6
    Orc (2/2) D:10            Elf (0/3) Orc:2        Vaults (3/5) D:14
  Crypt (0/3) Vaults:2     Depths (0/5) D:15        Ossuary (visited)
Desolation (visited)

Altars:
Ashenzari
Cheibriados
Dithmenos
Elyvilon
Fedhas
Gozag
Hepliaklqana
Kikubaaqudgha
Makhleb
Nemelex Xobeh
Okawaru
Qazlal
Ru
Sif Muna
Trog
Uskayaw
Vehumet
Wu Jian
Xom
Yredelemnul
Zin
The Shining One

Shops:
D:14 }   Orc:2 (![?   Vaults:1 !   Vaults:2 *

Annotations:
D:6 rf
Lair:3 2 transporters


Innate Abilities, Weirdness & Mutations

You have hooves in place of feet.
Armour fits poorly on your strangely shaped body.
You cover ground very quickly.
You have extremely tough skin. (AC +3)


Message History

Firing (i - inventory)
d - 616 arrows (quivered)
Press: ? - help, Shift-Dir - straight line, f/p - stone giant
Aim: a stone giant (heavily wounded)
You shoot an arrow. The arrow hits the stone giant!!
The arrow freezes the stone giant.
The stone giant is almost dead.
Firing (i - inventory)
d - 615 arrows (quivered)
Press: ? - help, Shift-Dir - straight line, f/p - stone giant
Aim: a stone giant (almost dead)
You shoot an arrow. The arrow hits the stone giant.
The arrow freezes the stone giant.
The stone giant is almost dead.
The yaktaur shoots a bolt.
The bolt hits you but does no damage.
You feel much better. The stone giant hits you!!
* * * LOW HITPOINT WARNING * * *
The yaktaur shoots a bolt.
The bolt hits you but does no damage.
As you read the scroll of fear, it crumbles to dust.
You assume a fearsome visage.
The stone giant easily resists.
The yaktaur looks frightened!
The stone giant hits you!!
You die...

############........
#..........##.......
#..........#...#..#.
#..........##.......
#....(.....'.....#.#
#..^..>....##..#....
#..........#.....#.#
#..........##....... *******
#..@.......#...#..#.
*,,,,,**#.(C.......##[..[[..
*,,,,,,*#c(........'....[[..
*,...(.()(........[##.#[#.#.
*,<.....#..........####'###'
*,....(.#..........+......#.
*,.....*#.######.###......#.
*,....#*#.#...............'.
**####* #.#.#######.......#.


You could see a stone giant and a yaktaur (fleeing).

Vanquished Creatures
  Mara (Swamp:3)
  A lich (Vaults:2)
  Rupert (Spider:1)
  A sphinx (Vaults:3)
  Frances (Spider:1)
  Kirke (Swamp:1)
  A tengu reaver (Vaults:3)
  Roxanne (Swamp:1)
  Donald (Spider:1)
  2 fire giants
  Aizul (Spider:3)
  Louise (Swamp:1)
  13 vault wardens
  2 imperial myrmidons (Desolation)
  3 ghost moths (Spider:4)
  8 emperor scorpions
  2 angels (Vaults:3)
  A very ugly thing (Swamp:3)
  14 ironheart preservers
  3 stone giants (Vaults:3)
  An entropy weaver (Spider:3)
  A war gargoyle (Vaults:2)
  2 halazid warlocks (Desolation)
  A dire elephant (D:15)
  A spark wasp (Spider:4)
  2 deep elf annihilators (Vaults:3)
  An ettin (Vaults:3)
  A fire dragon (Lair:6)
  A deep elf death mage (Vaults:1)
  Josephine (Orc:1)
  4 ragged hierophants (Desolation)
  4 yaktaur captains
  Fannar (D:11)
  2 rakshasas (Vaults:3)
  8 vault guards
  12 servants of whispers (Desolation)
  7 peacekeepers (Desolation)
  2 great orbs of eyes (Vaults:3)
  4 ice dragons
  A catoblepas (D:13)
  6 centaur warriors
  4 shambling mangroves
  13 hydras
  9 alligators
  45 two-headed ogres
  3 ghost crabs
  A death knight (D:13)
  4 tengu warriors
  2 deep troll earth magi
  2 deep troll shamans
  14 ogre magi
  7 death yaks (Lair:6)
  5 deep elf knights
  Sonja (D:13)
  5 skeletal warriors
  Nergalle (Lair:4)
  3 unseen horrors
  A fire crab (shapeshifter) (Vaults:1)
  A fire crab (Lair:6)
  2 spriggan druids
  2 swamp dragons
  A shadow wraith (Vaults:3)
  A sea snake (shapeshifter) (Vaults:3)
  10 deep trolls
  8 deep elf archers
  Pikel (D:8)
  13 ironbrand convokers
  A phantasmal warrior (Vaults:2)
  3 harpies (Vaults:3)
  9 orc knights
  15 deep elf magi
  14 orb spiders
  2 oklob plants (D:11)
  21 ugly things
  27 wolf spiders
  8 cyclopes
  2 orc sorcerers
  A salamander (Lair:2)
  2 manticores
  3 guardian serpents (Desolation)
  A stone giant skeleton (Vaults:2)
  2 moths of wrath
  8 black mambas
  6 elephants (Lair:4)
  12 vault sentinels
  19 spiny frogs
  3 torpor snails
  4 molten gargoyles
  2 gargoyles
  Maggie (D:6)
  2 centaur skeletons
  7 freezing wraiths
  14 komodo dragons
  32 yaktaurs
  14 demonic crawlers
  2 tengu conjurers (D:14)
  3 polar bears
  22 hornets
  A troll (shapeshifter) (D:15)
  8 trolls
  38 jumping spiders
  A wind drake (shapeshifter) (Vaults:3)
  11 blink frogs
  18 slime creatures
  9 tyrant leeches
  9 hippogriffs
  59 saltlings (Desolation)
  A raiju (shapeshifter) (Vaults:3)
  5 bog bodies
  A stone giant simulacrum (Vaults:2)
  A shadow (D:11)
  2 spriggans (shapeshifter) (Vaults:3)
  A spriggan (Swamp:3)
  3 vampires
  58 redbacks
  2 ettin skeletons (Vaults:2)
  23 tarantellas
  2 fire bats (Lair:2)
  5 hogs
  A human (D:9)
  6 wyverns
  5 wraiths
  42 yaks
  6 basilisks
  24 vampire mosquitoes
  6 swamp worm simulacra (Swamp:4)
  2 steam dragons
  6 wargs
  4 hungry ghosts
  Edmund (D:5)
  10 insubstantial wisps
  4 acid dragons
  16 swamp worms
  17 water moccasins
  16 hydra simulacra (Swamp:4)
  5 hell hounds (Lair:6)
  9 porcupines
  6 swamp drakes
  2 black bears
  3 deep troll skeletons (Vaults:2)
  30 orc warriors
  An ice beast (D:15)
  3 slaves (D:8)
  2 necrophages
  7 sky beasts
  57 ogres
  14 boggarts
  10 wolves
  14 crocodiles
  20 centaurs
  Blork the orc (D:4)
  4 big kobolds
  A gnoll sergeant (D:10)
  23 bullfrogs
  4 earth elementals
  8 human skeletons (Vaults:2)
  A wyvern skeleton (D:14)
  6 scorpions
  A water moccasin skeleton (D:5)
  8 killer bees
  20 wights
  2 howler monkeys (D:14)
  6 electric eels
  7 crimson imps
  4 lava snakes (Lair:6)
  9 centaur zombies
  A wyvern simulacrum (D:11)
  3 human zombies (Ossuary)
  13 jellies
  A quasit (D:6)
  5 bullfrog zombies
  4 hounds
  A gnoll shaman (D:5)
  8 orc priests
  22 orc wizards
  A bullfrog skeleton (D:12)
  3 iguanas
  5 worker ants
  2 big kobold zombies (Ossuary)
  2 ogre zombies (Ossuary)
  2 bullfrog simulacra (D:11)
  A hound zombie (D:7)
  7 mummies (Ossuary)
  2 worker ant zombies
  Robin (D:4)
  18 gnolls
  12 adders
  3 shadow imps
  3 white imps (D:11)
  An ufetubus (D:11)
  2 swamp drake simulacra (Swamp:4)
  2 adder skeletons
  5 adder zombies
  3 worms
  A dart slug (D:1)
  5 leopard geckos
  87 orcs
  3 giant cockroaches
  13 goblins
  11 hobgoblins
  18 jackals
  6 quokkas
  A ball python (D:2)
  A ball python skeleton (D:5)
  5 bats
  6 frilled lizards
  2 goblin zombies (Ossuary)
  21 kobolds
  4 kobold zombies (Ossuary)
  A quokka skeleton (D:5)
  7 quokka zombies (Ossuary)
  8 rats
  3 rat zombies (Ossuary)
  A butterfly (D:4)
  A plant (D:11)
1593 creatures vanquished.

Vanquished Creatures (others)
  A thorn hunter (Swamp:4)
  An azure jelly (Swamp:4)
  A swamp worm (Swamp:4)
  A swamp drake (Swamp:4)
  A lava snake (Lair:6)
  A bullfrog zombie (D:6)
  A hound skeleton (D:6)
  4 fungi
  3 plants
14 creatures vanquished.

Grand Total: 1607 creatures vanquished

Notes
Turn   | Place    | Note
-------+----------+-------------------------------------------
     0 | D:1      | mortelune the Centaur Hunter began the quest for the Orb.
     0 | D:1      | Reached XP level 1. HP: 17/17 MP: 1/1
   284 | D:1      | Reached XP level 2. HP: 18/25 MP: 2/2
   844 | D:2      | Reached skill level 6 in Bows
   844 | D:2      | Reached XP level 3. HP: 17/30 MP: 3/3
  1699 | D:2      | Reached XP level 4. HP: 38/38 MP: 4/4
  2194 | D:2      | Found an ornate altar of the Wu Jian Council.
  2798 | D:3      | Reached XP level 5. HP: 46/46 MP: 5/5
  2802 | D:3      | Reached skill level 1 in Staves
  2802 | D:3      | Reached skill level 7 in Bows
  3608 | D:4      | Noticed Blork the orc
  3619 | D:4      | Killed Blork the orc
  3675 | D:4      | Reached XP level 6. HP: 43/53 MP: 6/6
  3791 | D:4      | Found a sand-covered staircase.
  3791 | D:4      | Noticed Robin
  3801 | D:4      | Killed Robin
  3817 | Ossuary  | Entered an ossuary
  4989 | Ossuary  | Reached skill level 8 in Bows
  5442 | Ossuary  | Reached skill level 5 in Fighting
  5442 | Ossuary  | Reached XP level 7. HP: 56/61 MP: 7/7
  5724 | D:4      | Found a staircase to the Ecumenical Temple.
  5739 | Temple   | Entered the Ecumenical Temple
  6001 | Temple   | Became a worshipper of Warmaster Okawaru
  6397 | D:5      | Entered Level 5 of the Dungeon
  6397 | D:5      | Noticed a hungry ghost
  6748 | D:5      | Killed a hungry ghost
  6748 | D:5      | Reached skill level 9 in Bows
  6770 | D:5      | Reached XP level 8. HP: 70/70 MP: 8/8
  7433 | D:6      | Noticed Edmund
  7463 | D:5      | Killed Edmund
  7463 | D:5      | Reached * piety under Okawaru
  7463 | D:5      | Reached skill level 5 in Staves
  7463 | D:5      | Reached skill level 10 in Bows
  7782 | D:6      | Reached XP level 9. HP: 79/79 MP: 9/9
  7825 | D:6      | Noticed Maggie
  7847 | D:6      | Killed Maggie
  7847 | D:6      | Reached ** piety under Okawaru
  8323 | D:6      | Reached skill level 11 in Bows
  9367 | D:7      | Reached *** piety under Okawaru
 10171 | D:8      | Noticed Pikel
 10216 | D:8      | Killed Pikel
 10216 | D:8      | Reached skill level 12 in Bows
 10216 | D:8      | Reached XP level 10. HP: 70/90 MP: 10/10
 10811 | D:9      | Reached **** piety under Okawaru
 10811 | D:9      | Received a gift from Okawaru
 12627 | D:10     | Entered Level 10 of the Dungeon
 12974 | D:10     | Reached skill level 13 in Bows
 13102 | D:10     | Noticed a two-headed ogre
 13136 | D:10     | Killed a two-headed ogre
 13136 | D:10     | Reached ***** piety under Okawaru
 13136 | D:10     | Reached skill level 10 in Fighting
 13353 | D:10     | Received a gift from Okawaru
 13737 | D:10     | Found a staircase to the Orcish Mines.
 13809 | D:11     | Noticed Fannar
 13939 | D:11     | Reached XP level 11. HP: 99/99 MP: 11/11
 14394 | D:10     | Killed an unseen horror
 15176 | D:11     | Received a gift from Okawaru
 15176 | D:11     | Reached skill level 1 in Invocations
 15438 | D:11     | Killed Fannar
 15473 | D:11     | Reached skill level 14 in Bows
 15649 | D:11     | Noticed an oklob plant
 15649 | D:11     | Noticed an oklob plant
 15786 | D:11     | Received a gift from Okawaru
 15869 | D:11     | HP: 4/101 [killer bee (5)]
 16367 | D:11     | Found a staircase to the Lair.
 16931 | D:11     | Received a gift from Okawaru
 17888 | D:11     | Noticed a centaur warrior
 17890 | D:11     | Noticed a centaur warrior
 17892 | D:11     | Noticed a death knight
 18581 | D:11     | Received a gift from Okawaru
 18702 | D:11     | Killed a centaur warrior
 18702 | D:11     | Received a gift from Okawaru
 19033 | D:11     | Got a brightly glowing kite shield
 19063 | D:11     | Identified the cursed +2 broad axe of the Candelabrum
                  | {vorpal, Int+2}
 19063 | D:11     | Noticed a skeletal warrior
 19207 | D:11     | Killed a skeletal warrior
 19207 | D:11     | Received a gift from Okawaru
 19207 | D:11     | Reached skill level 5 in Invocations
 19207 | D:11     | Reached XP level 12. HP: 97/110 MP: 8/15
 19747 | D:11     | Reached skill level 10 in Staves
 19898 | Lair:1   | Entered Level 1 of the Lair of Beasts
 20297 | Lair:1   | Reached skill level 15 in Bows
 21331 | Lair:2   | Received a gift from Okawaru
 21510 | Lair:2   | Got an ebony lajatang {god gift}
 21654 | Lair:2   | Identified the +2 lajatang of Starshine {elec, Str+4}
                  | (Okawaru gifted it to you on level 2 of the Lair of Beasts)
 22781 | Lair:1   | HP: 5/112 [poisoned by a black mamba]
 22788 | Lair:1   | HP: 5/112 [poisoned by a black mamba]
 23244 | Lair:2   | Found a staircase to the Swamp.
 23459 | Lair:2   | Received a gift from Okawaru
 23463 | Lair:2   | Got a fine centaur barding {god gift}
 23469 | Lair:2   | Identified the +1 centaur barding "Xiwour" {rF+ MP+9}
                  | (Okawaru gifted it to you on level 2 of the Lair of Beasts)
 24493 | Lair:3   | Reached skill level 1 in Armour
 24493 | Lair:3   | Reached XP level 13. HP: 118/118 MP: 18/18
 24536 | Lair:3   | Found a transporter.
 24551 | Lair:3   | Found a transporter.
 24955 | Lair:3   | Found a bloodstained altar of Trog.
 24955 | Lair:3   | Identified the +5 trident of War {vamp, rPois Str+2}
 25187 | Lair:4   | Reached skill level 16 in Bows
 25679 | Lair:4   | Found a hole to the Spider Nest.
 25750 | Lair:4   | Noticed Nergalle
 25759 | Lair:4   | Killed Nergalle
 26874 | Lair:4   | Got a pair of distressingly furry gloves
 26880 | Lair:4   | Identified the +2 pair of gloves of Cheibriados's Hatred
                  | {rF+ Int+4 Stlth+} (You found it on level 4 of the Lair of
                  | Beasts)
 26953 | Lair:5   | Got a translucent ring mail
 26977 | Lair:5   | Identified the +3 ring mail of the Teacher {MR- Dex+7} (You
                  | found it on level 5 of the Lair of Beasts)
 27353 | Lair:5   | Received a gift from Okawaru
 27988 | Lair:6   | Entered Level 6 of the Lair of Beasts
 28000 | Lair:6   | Found a staircase to the Slime Pits.
 28716 | Lair:6   | Reached skill level 17 in Bows
 28800 | Lair:6   | Reached XP level 14. HP: 129/129 MP: 19/19
 28811 | Lair:6   | Reached ****** piety under Okawaru
 28811 | Lair:6   | Received a gift from Okawaru
 29101 | Lair:6   | Found a large runed translucent door.
 29101 | Lair:6   | Found a large runed translucent door.
 30985 | D:12     | Reached skill level 5 in Armour
 31643 | D:13     | Identified the +5 kite shield of Xiemm {MR+ Regen+} (You
                  | found it on level 11 of the Dungeon)
 32519 | D:13     | Received a gift from Okawaru
 32606 | D:13     | Got a faintly humming chain mail {god gift}
 32617 | D:13     | Identified the +1 chain mail of Devotion {rPois Str+7
                  | Stlth+} (Okawaru gifted it to you on level 13 of the
                  | Dungeon)
 32783 | D:13     | Noticed Sonja
 32808 | D:13     | Killed Sonja
 33404 | D:14     | Reached skill level 18 in Bows
 33933 | D:14     | Reached XP level 15. HP: 117/138 MP: 20/20
 34129 | D:14     | Found a gate to the Vaults.
 34370 | D:14     | Identified a scroll of acquirement
 34370 | D:14     | Identified the ring of the Enemy {Dex+3 SInv} (You acquired
                  | it on level 14 of the Dungeon)
 34370 | D:14     | Identified the +4 plate armour of Happiness {rElec rPois
                  | SInv} (You acquired it on level 14 of the Dungeon)
 34676 | D:14     | Found Viekolou's Gadget Shop.
 34687 | D:14     | Bought a phantom mirror for 420 gold pieces
 34687 | D:14     | Bought a wand of clouds (7) for 462 gold pieces
 35130 | D:15     | Entered Level 15 of the Dungeon
 35551 | D:15     | Received a gift from Okawaru
 36426 | D:15     | Found a staircase to the Depths.
 36933 | Orc:1    | Entered Level 1 of the Orcish Mines
 36958 | Orc:1    | Noticed Josephine
 36961 | Orc:1    | Killed Josephine
 37411 | Orc:1    | Found a bloodstained altar of Trog.
 37601 | Orc:2    | Entered Level 2 of the Orcish Mines
 38251 | Orc:2    | Found a staircase to the Elven Halls.
 38362 | Orc:2    | Reached skill level 19 in Bows
 38379 | Orc:2    | Received a gift from Okawaru
 38394 | Orc:2    | Reached skill level 15 in Fighting
 38417 | Orc:2    | Received a gift from Okawaru
 38743 | Orc:2    | Received a gift from Okawaru
 38749 | Orc:2    | Found Xyxuuc's Antique Weapon Boutique.
 38749 | Orc:2    | Found Ceytes's Distillery.
 38753 | Orc:2    | Found Hora's Antique Armour Emporium.
 38753 | Orc:2    | Found Ylior's Magic Scroll Shop.
 38774 | Orc:2    | Bought a scroll of fear for 49 gold pieces
 38774 | Orc:2    | Bought a scroll of summoning for 133 gold pieces
 38774 | Orc:2    | Bought a scroll of teleportation for 42 gold pieces
 38775 | Orc:2    | Bought a potion of heal wounds for 65 gold pieces
 38775 | Orc:2    | Bought a potion of mutation for 104 gold pieces
 39093 | Orc:2    | Bought a scroll of brand weapon for 280 gold pieces
 39231 | Swamp:1  | Entered Level 1 of the Swamp
 39231 | Swamp:1  | Identified Roxanne's Incunabulum of the Mountains
 39231 | Swamp:1  | Noticed Roxanne
 39455 | Swamp:1  | Killed Roxanne
 39552 | Swamp:1  | Received a gift from Okawaru
 39552 | Swamp:1  | Reached XP level 16. HP: 149/149 MP: 21/21
 39669 | Swamp:1  | Noticed Kirke
 39682 | Swamp:1  | Killed Kirke
 39926 | Swamp:1  | Received a gift from Okawaru
 40084 | Swamp:1  | Noticed Louise
 40108 | Swamp:1  | Killed Louise
 41256 | Swamp:3  | Noticed Mara
 41258 | Swamp:3  | Noticed mortelune's illusion
 41280 | Swamp:3  | Noticed mortelune's illusion
 41299 | Swamp:3  | Killed Mara
 41299 | Swamp:3  | Received a gift from Okawaru
 41442 | Swamp:3  | Reached skill level 20 in Bows
 41923 | Swamp:4  | Entered Level 4 of the Swamp
 42023 | Swamp:4  | Received a gift from Okawaru
 43523 | Swamp:4  | Received a gift from Okawaru
 43567 | Swamp:4  | Killed a thorn hunter
 43795 | Swamp:4  | Got a decaying rune of Zot
 43992 | Spider:1 | Entered Level 1 of the Spider Nest
 44026 | Spider:1 | Reached XP level 17. HP: 158/158 MP: 22/22
 44207 | Spider:1 | Noticed Donald
 44260 | Spider:1 | Killed Donald
 44334 | Spider:1 | Noticed Rupert
 44338 | Spider:1 | Killed Rupert
 44638 | Spider:1 | Noticed Frances
 44655 | Spider:1 | Killed Frances
 44658 | Spider:1 | Received a gift from Okawaru
 45163 | Spider:1 | Received a gift from Okawaru
 45506 | Spider:2 | Reached skill level 21 in Bows
 46125 | Spider:2 | Received a gift from Okawaru
 46125 | Spider:2 | Reached skill level 10 in Armour
 46765 | Spider:3 | Identified the Disquisition on Warped Poisoning
 48034 | Spider:4 | Entered Level 4 of the Spider Nest
 48418 | Spider:4 | Noticed Aizul
 48447 | Spider:3 | Killed Aizul
 49723 | Spider:4 | Reached XP level 18. HP: 170/170 MP: 23/23
 50320 | Spider:4 | Received a gift from Okawaru
 50724 | Spider:4 | Got a gossamer rune of Zot
 51564 | Vaults:1 | Entered Level 1 of the Vaults
 51566 | Vaults:1 | Reached skill level 22 in Bows
 52985 | Vaults:1 | Found Kalarchei's Distillery.
 52991 | Vaults:1 | Bought a potion of haste for 100 gold pieces
 54026 | Vaults:1 | Received a gift from Okawaru
 54362 | Vaults:2 | Received a gift from Okawaru
 54406 | Vaults:2 | Identified the +6 chain mail of Goizxuac {+Fly Str+6} (You
                  | found it on level 2 of the Vaults)
 54591 | Vaults:2 | Learned a level 3 spell: Portal Projectile
 54596 | Vaults:2 | Learned a level 4 spell: Passage of Golubria
 54866 | Vaults:2 | Reached skill level 1 in Translocations
 54926 | Vaults:2 | Found Hiegg's General Store.
 55070 | Vaults:2 | Bought a potion of resistance for 150 gold pieces
 55363 | Vaults:2 | Reached XP level 19. HP: 179/179 MP: 24/24
 55394 | Vaults:2 | Received a gift from Okawaru
 55403 | Vaults:2 | Found a staircase to the Crypt.
 56077 | Vaults:2 | Reached skill level 5 in Translocations
 56587 | Vaults:3 | Received a gift from Okawaru
 56643 | Vaults:3 | Reached skill level 5 in Dodging
 56646 | Vaults:3 | Received a gift from Okawaru
 56764 | Vaults:3 | Found a glowing silver altar of Zin.
 56765 | Vaults:3 | Found a glowing golden altar of the Shining One.
 56765 | Vaults:3 | Found a ruined gateway.
 56772 | Vaults:3 | Found a white marble altar of Elyvilon.
 56779 | Vaults:3 | Received a gift from Okawaru
 56854 | Desolati | Entered the Desolation of Salt
 58122 | Desolati | Received a gift from Okawaru
 58229 | Desolati | Identified the cursed ring "Leuzan" {rC+++ Dex-3}
 58335 | Desolati | Got a coiled sapphire amulet
 58336 | Desolati | Identified the amulet of Dim Light {*Drain Regen+ Str+2
                  | Int+2} (You found it in the Desolation of Salt)
 58343 | Desolati | Identified the Collected Works on Sinister Magic and Aid
 58346 | Desolati | Identified Hanaom's Grimoire of Enchanting Augmentations
 59373 | Desolati | Reached XP level 20. HP: 102/189 MP: 15/25
 59655 | Desolati | Got a warped bone ring
 59656 | Desolati | Identified the ring of Paic {*Drain rC++ Str+3} (You found
                  | it in the Desolation of Salt)
 59701 | Desolati | Found the cursed +13 scythe of Curses {drain, *Curse}
 60199 | Desolati | Identified the ring of Moodiness {AC+4 Dex+5 SInv} (You
                  | found it in the Desolation of Salt)
 60215 | Desolati | Identified the +1 helmet of Mosch {rC+ rN++ Int+4 Dex-2}
                  | (You found it in the Desolation of Salt)
 60238 | Desolati | Identified the ring of Hezothru {rPois rCorr} (You found it
                  | in the Desolation of Salt)
 60578 | Vaults:3 | Received a gift from Okawaru
 60801 | Vaults:3 | Reached skill level 1 in Spellcasting
 60870 | Vaults:3 | Received a gift from Okawaru
 61414 | Vaults:3 | Received a gift from Okawaru
 61705 | Vaults:3 | Received a gift from Okawaru
 61863 | Vaults:3 | Received a gift from Okawaru
 62370 | Vaults:3 | Slain by a stone giant

Levels and vault maps discovered:
D:1:      dpeg_arrival_shelter, layout_loops_ring, serial_bayou_pond_c
D:2:      layout_basic, lemuel_crystal_altar, first_ration
D:3:      layout_rooms
D:4:      layout_rooms, minmay_temple_entry_butterflies,
          nicolae_ossuary_entry_ruins, uniq_blork_the_orc, uniq_robin
D:5:      layout_loops_ring
D:6:      layout_loops_ring, lemuel_flame_loot_1, uniq_maggie, uniq_edmund
D:7:      layout_loops_ring
D:8:      layout_basic, uniq_pikel
D:9:      layout_cave_pods, serial_co_window_serial, co_window_corner_a,
          co_window_paths_a, co_window_of_opportunity_a, co_window_paths_b,
          co_window_corner_a, co_window_corner_a, co_window_of_opportunity_b,
          co_window_paths_c, co_window_corner_cb, co_window_of_opportunity_b,
          co_window_corner_ca, co_window_4corner_a, glass_columns_b,
          glass_columns_a, grunt_livestock
D:10:     layout_long_grid, erik_orc_2
D:11:     minmay_the_grid_triangle_9x9_recursive_2_mashed
          [minmay_the_grid_triangle_9x9_prize_center,
          minmay_the_grid_triangle_9x9_limited_checkers,
          minmay_the_grid_triangle_9x9_swiss_cheese,
          minmay_the_grid_triangle_9x9_warning], layout_rooms,
          dpeg_oklobed_lair, serial_ice, serial_ice_i, serial_ice_o,
          serial_ice_n, serial_ice_c, serial_ice_m, serial_ice_e, serial_ice_a,
          minmay_misc_feat_tower, uniq_fannar
D:12:     layout_cave_pools
D:13:     layout_layer_cave, uniq_sonja
D:14:     layout_cave_pods, hangedman_vaults_entry_quadrant_bands,
          minmay_misc_feat_columns, serial_shops, nicolae_shop_crystal
D:15:     hangedman_depths_entry_try_elsewhere_first, layout_irregular_city,
          hangedman_decor_points, dk_noncrumbling_4,
          minmay_fractal_squares_gapless_5
Temple:   regret_index_temple_sigil_plot
Lair:1:   layout_cave_pods
Lair:2:   layout_gridlike, minmay_swamp_entry_reptiles, lemuel_fruit_tree
Lair:3:   layout_cave_pods, gammafunk_ghost_wrathful_warriors, st_stairs_8
Lair:4:   layout_regular_city, spider_nest_entry_webs,
          chequers_serial_rivers_micro_e, infiniplex_staircase_pool,
          uniq_nergalle
Lair:5:   layout_long_grid
Lair:6:   cheibrodos_lair_end_hotspot, layout_cave_shapes,
          minmay_slime_entry_pillars, chequers_serial_rivers_room_a
Swamp:1:  layout_basic_swamp, nicolae_swamp_dense_foliage, uniq_louise,
          uniq_kirke, uniq_roxanne
Swamp:2:  layout_basic_swamp, hangedman_swamp_lotus
Swamp:3:  layout_basic_swamp, evilmike_swamp_ruin_rubble_1, swamp_pool3,
          uniq_mara
Swamp:4:  swamp_icy, layout_basic_swamp
Spider:1: layout_spider_delve, guppyfry_spider_mini_2, uniq_frances,
          uniq_donald, uniq_rupert
Spider:2: layout_spider_delve, drop_trap, guppyfry_spider_mini_1
Spider:3: layout_chambers, guppyfry_hornet_nest
Spider:4: guppyfry_spider_rune, nicolae_spider_circle_web,
          hangedman_stitches_earthworm, uniq_aizul
Orc:1:    layout_caves, trog_hazing_becter, uniq_josephine
Orc:2:    st_orc_ogre_mass, layout_caves
Vaults:1: v_misc_10, vaults_room_pools, hangedman_vaults_corner_blocks,
          nicolae_vaults_alarming, nicolae_vaults_little_squares_2,
          ontoclasm_vaults_decontamination, grunt_vaults_funnel, v_misc_26,
          vaults_dpeg_ring, nicolae_vaults_hallways_thing,
          nicolae_vaults_little_squares_5, nicolae_vaults_border_crossing,
          layout_vaults_big_room, serial_shops,
          nicolae_shop_competitors_out_of_business
Vaults:2: vaults_mumra_lcd, minmay_crypt_entry_skeletal_spiral,
          vaults_standard_mumra_x, hangedman_vaults_snaps,
          vaults_room_hangedman_quadrants, ontoclasm_vaults_tryst,
          vaults_room_pools, v_pattern_1, layout_vaults_quadrants, serial_shops,
          shop
Vaults:3: hangedman_vaults_corner, vaults_mumra_hex, ontoclasm_vaults_shuriken,
          vaults_mumra_minichess_inversion, vaults_dpeg_cross, v_misc_10,
          vaults_room_door_hall, vaults_room_fancy_cross,
          nicolae_vaults_network_quinsquares
          [nicolae_vaults_network_quincunx_subvault,
          nicolae_vaults_network_quincunx_subvault,
          nicolae_vaults_network_quincunx_subvault,
          nicolae_vaults_network_quincunx_subvault], hangedman_vaults_impose,
          grunt_vaults_diagonal, nicolae_vaults_an_arrangement,
          ontoclasm_vaults_gateway, vaults_room_semicircle,
          layout_vaults_omnibox, portal_desolation_entry_holy_temple

Skill      XL: |  1  2  3  4  5  6  7  8  9 10 11 12 13 14 15 16 17 18 19 20 |
---------------+-------------------------------------------------------------+-----
Bows           | 6 7 8 9 10 12 13 14 15 17 18 19 20 21 22 | 22.6
Fighting       | 3 4 5 7 8 10 11 12 13 14 15 16 17 18 19 | 19.2
Staves         | 1 2 4 5 7 8 9 10 11 12 13 14 | 14.0
Invocations    | 5 7 |  7.4
Armour         | 1 4 6 7 9 10 11 | 11.6
Translocations | 3 8 9 |  9.5
Dodging        | 3 7 8 |  8.7
Spellcasting   | 4 |  4.0
Stealth        | |  0.4

Action                   |  1- 3 |  4- 6 |  7- 9 | 10-12 | 13-15 | 16-18 | 19-21 || total
-------------------------+-------+-------+-------+-------+-------+-------+-------++-------
Melee: Short sword       |    77 |    43 |       |       |       |       |       ||   120
       Kick              |    14 |    41 |    11 |    33 |    60 |    68 |    46 ||   273
       Quarterstaff      |       |   118 |    46 |    71 |       |       |       ||   235
       Shortbow          |       |       |       |     2 |       |       |       ||     2
       Lajatang          |       |       |       |    42 |   141 |   157 |   117 ||   457
       Longbow           |       |       |       |       |     3 |       |       ||     3
 Fire: Shortbow          |    46 |   145 |   352 |   702 |       |       |       ||  1245
       Longbow           |       |       |       |   195 |  1396 |  1521 |   834 ||  3946
Invok: Heroism           |       |       |       |     2 |     7 |    12 |     9 ||    30
       Finesse           |       |       |       |     2 |     7 |     9 |     9 ||    27
  Use: Scroll            |       |     4 |     7 |    14 |    18 |    12 |    13 ||    68
       Potion            |       |       |     4 |     5 |     2 |     2 |     2 ||    15
  Eat: Chunk             |     2 |     5 |     9 |    25 |    37 |    27 |    10 ||   115
       Ration            |       |     1 |     1 |     4 |       |     4 |     2 ||    12
Armor: Leather armour    |    35 |    61 |       |       |       |       |       ||    96
       Chain mail        |       |       |    51 |    89 |    27 |       |       ||   167
       Plate armour      |       |       |       |    71 |   226 |   561 |   307 ||  1165
       Swamp dragon scal |       |       |       |     8 |   137 |       |       ||   145
       Ring mail         |       |       |       |       |    12 |       |       ||    12
       Ice dragon scales |       |       |       |       |       |     1 |       ||     1
Dodge: Dodged            |    38 |    81 |    23 |    58 |   130 |   109 |    85 ||   524
       Repelled          |       |       |       |       |    32 |    14 |    10 ||    56

Table legend:
 A = Non-vault XP
 B = Vault XP
 C = Vault XP percentage of total XP
 D = Non-vault monster count
 E = Vault monster count
 F = Vault count percentage of total count
                 A         B        C        D         E       F
            +---------+---------+-------+---------+---------+-------
      Total |  320708 |  234831 |  42.3 |    1065 |     523 |  32.9
            +---------+---------+-------+---------+---------+-------
        D:1 |      31 |       0 |   0.0 |      20 |       0 |   0.0
        D:2 |      95 |       0 |   0.0 |      24 |       0 |   0.0
        D:3 |     136 |       0 |   0.0 |      22 |       0 |   0.0
        D:4 |      35 |     137 |  79.7 |       1 |      13 |  92.9
        D:5 |    1093 |     169 |  13.4 |      25 |       1 |   3.8
        D:6 |     968 |     398 |  29.1 |      26 |       1 |   3.7
        D:7 |     991 |       0 |   0.0 |      18 |       0 |   0.0
        D:8 |     907 |     641 |  41.4 |      16 |       1 |   5.9
        D:9 |    1285 |     584 |  31.2 |      25 |       3 |  10.7
       D:10 |    3084 |    1615 |  34.4 |      29 |      22 |  43.1
       D:11 |    5965 |    6433 |  51.9 |      56 |      21 |  27.3
       D:12 |    5446 |       0 |   0.0 |      18 |       0 |   0.0
       D:13 |   11945 |     788 |   6.2 |      48 |       1 |   2.0
       D:14 |   11669 |    4976 |  29.9 |      52 |      15 |  22.4
       D:15 |   14112 |    3159 |  18.3 |      57 |       5 |   8.1
     Lair:1 |    2274 |       0 |   0.0 |      13 |       0 |   0.0
     Lair:2 |    8313 |     974 |  10.5 |      33 |       4 |  10.8
     Lair:3 |    4266 |       0 |   0.0 |      18 |       0 |   0.0
     Lair:4 |    7967 |    1451 |  15.4 |      30 |       4 |  11.8
     Lair:5 |    4023 |       0 |   0.0 |      19 |       0 |   0.0
     Lair:6 |   11730 |    9700 |  45.3 |      31 |      31 |  50.0
    Swamp:1 |    9386 |    6387 |  40.5 |      25 |       6 |  19.4
    Swamp:2 |    8499 |       0 |   0.0 |      27 |       0 |   0.0
    Swamp:3 |   12764 |    7476 |  36.9 |      23 |       1 |   4.2
    Swamp:4 |   13012 |    6728 |  34.1 |      33 |      30 |  47.6
   Spider:1 |   19810 |    8954 |  31.1 |      57 |      11 |  16.2
   Spider:2 |   10082 |    1748 |  14.8 |      31 |       7 |  18.4
   Spider:3 |    9733 |    3597 |  27.0 |      21 |       9 |  30.0
   Spider:4 |    8990 |   27598 |  75.4 |      24 |      49 |  67.1
      Orc:1 |    4677 |    2918 |  38.4 |      42 |      13 |  23.6
      Orc:2 |     949 |   13511 |  93.4 |      15 |      37 |  71.2
   Vaults:1 |   33246 |   14109 |  29.8 |      56 |      24 |  30.0
   Vaults:2 |   31772 |   19681 |  38.3 |      48 |      31 |  39.2
   Vaults:3 |   61453 |   40396 |  39.7 |      82 |      51 |  38.3
    Ossuary |       0 |     535 | 100.0 |       0 |      37 | 100.0
 Desolation |       0 |   50168 | 100.0 |       0 |      95 | 100.0
            +---------+---------+-------+---------+---------+-------
